 Dungeon Crawl Stone Soup version 0.30.1-9-gdf580d7c3d (webtiles) character file.

Game seed: 1387022872173824902

37 KittyFluff the Trooper (level 3, -1/23 HPs)
             Began as a Gargoyle Berserker on Oct 10, 2023.
             Was a Follower of Trog.
             Slain by an orc
             ... wielding a +0 trident
              (6 damage)
             ... on level 2 of the Dungeon.
             The game lasted 00:05:36 (1506 turns).

KittyFluff the Trooper (Gargoyle Berserker)         Turns: 1506, Time: 00:05:36

Health: -1/23      AC:  6    Str: 22    XL:     3   Next: 39%
Magic:  3/3        EV: 12    Int:  7    God:    Trog [*.....]
Gold:   79         SH:  0    Dex:  9    Spells: 2/2 levels left

rFire   . . .        a - +0 mace
rCold   . . .        (no shield)
rNeg    + . .        b - +0 animal skin
rPois   ∞            (no helmet)
rElec   +            g - +0 cloak
rCorr   .            (no gloves)
SInv    .            (no boots)
Will    .....        (no amulet)
Stlth   +            (no ring)
HPRegen 0.23/turn    (no ring)
MPRegen 0.08/turn

%: no passive effects
@: no status effects
A: sickness immunity, AC +3, negative energy resistance 1, electricity
resistance, torment resistance 1, petrification resistance
a: Renounce Religion, Berserk


You were on level 2 of the Dungeon.
You worshipped Trog.
Trog was aware of your devotion.
You visited 1 branch of the dungeon, and saw 2 of its levels.

You collected 79 gold pieces.

Inventory:

Hand Weapons
 a - a +0 mace (weapon)
 k - a +0 sling
Missiles
 i - 5 boomerangs (quivered)
Armour
 b - a +0 animal skin (worn)
 g - a +0 cloak (worn)
Scrolls
 e - 3 scrolls of brand weapon {unknown}
 j - a scroll of identify {unknown}
 l - a scroll of poison {unknown}
Potions
 c - a potion of magic {unknown}
 d - a potion of mutation {unknown}
 f - a potion of berserk rage {unknown}
 h - 3 potions of invisibility {unknown}
 m - a potion of degeneration {unknown}
 n - a potion of ambrosia {unknown}


   Skills:
 + Level 3.6 Fighting
 * Level 3.4 Maces & Flails
 * Level 3.0 Armour
 + Level 1.8 Dodging


You had 2 spell levels left.
You didn't know any spells.
Your spell library was empty.

Dungeon Overview and Level Annotations

Branches:
Dungeon (2/15)

Altars:


Innate Abilities, Weirdness & Mutations

You are immune to sickness and miasma.
Your stone body is resilient. (AC +3)
You are immune to poison.
You resist negative energy. (rN+)
You are resistant to electric shocks. (rElec)
You are resistant to unholy torment.
You are immune to petrification.


Message History

You kill the dart slug!
Trog accepts your kill.
Your Armour skill increases to level 3!
Found a bubbling grey potion.
n - a bubbling grey potion You open the door.
There is an open door here.
Found a club.
You see here a +0 dagger.
You open the door. 3 orcs come into view.
An orc is wielding a +0 trident of venom.
The orc shouts! x3
The orc closely misses you. The orc closely misses you.
You closely miss the orc. The orc misses you. The orc barely misses you.
You closely miss the orc.
The orc hits you with a +0 trident of venom.
You closely miss the orc.
The orc hits you with a +0 trident of venom.
You thump the orc!
You kill the orc!
Trog accepts your kill.
You barely miss the orc. The orc hits you but does no damage.
The orc barely misses you. The orc hits you but does no damage. x2
You hit the orc but do no damage. The orc closely misses you.
The orc hits you from afar with a +0 trident.
You barely miss the orc. The orc closely misses you.
The orc completely misses you.
You barely miss the orc. The orc closely misses you. The orc misses you.
You hit the orc but do no damage. The orc hits you but does no damage.
The orc misses you.
You hit the orc but do no damage. The orc hits you but does no damage.
The orc hits you from afar with a +0 trident!
The orc hits you but does no damage.
The orc hits you from afar with a +0 trident.
* * * LOW HITPOINT WARNING * * *
You hit the orc but do no damage. The orc completely misses you.
The orc hits you from afar with a +0 trident.
You die...

..# #....#
#[...##........
########....#
#....##...([.##
..)......####
#....#######.#
####.....# ###### #.#
####.....# #.##
..##.....# #...
..######.# ##### ####
..#
#.##########......
.[#
####........@oo......
..#
#......########......
### #......# .....
#......# ###.
#####......#
#...#......#
#...#......#
#...#......#
#...######## ..#


You could see 2 orcs.

Vanquished Creatures
  An adder (D:2)
  A dart slug (D:2)
  An orc (D:2)
  2 ball pythons (D:2)
  2 endoplasms (D:2)
  4 goblins (D:2)
  2 hobgoblins (D:1)
  3 quokkas (D:2)
  5 bats
  A kobold (D:1)
  2 rats
24 creatures vanquished.

Notes
Turn   | Place    | Note
-------+----------+-------------------------------------------
     0 | D:1      | KittyFluff the Gargoyle Berserker began the quest for the
                  | Orb.
     0 | D:1      | Reached XP level 1. HP: 14/14 MP: 1/1
   660 | D:2      | Reached XP level 2. HP: 19/19 MP: 2/2
  1034 | D:2      | Reached XP level 3. HP: 23/23 MP: 3/3
  1506 | D:2      | Slain by an orc

Illustrated notes

Levels and vault maps discovered:
D:1:      dpeg_arrival_rooms_c, layout_loops_ring, serial_glass,
          glass_columns_a, glass_columns_c, glass_columns_b, glass_columns_a,
          glass_columns_a, glass_columns_a
D:2:      layout_basic, hex_medium

Skill      XL: |  1  2  3 |
---------------+----------+-----
Armour         | 3 |  3.0
Fighting       | |  3.6
Maces & Flails | |  3.4
Dodging        | |  1.8

Action                     || total
---------------------------++-------
  Melee: Mace              ||   101
         Punch             ||     1
   Stab: Sleeping          ||     1
 Armour: Animal skin       ||    43
  Dodge: Dodged            ||    90
